 Dungeon Crawl Stone Soup version 0.32-a0-933-ga8fa3634e4 (webtiles) character file.

Game seed: 6890938372087452480

50606 Autsider the Frost Mage (level 14, -11/114 HPs)
             Began as a Merfolk Ice Elementalist on Apr 14, 2024.
             Was an Initiate of Gozag.
             Mangled by a dire elephant (14 damage)
             ... on level 5 of the Lair of Beasts.
             The game lasted 01:28:39 (21388 turns).

Autsider the Frost Mage (Merfolk Ice Elementalist) Turns: 21388, Time: 01:28:40

Health: -11/114    AC: 31    Str: 18    XL:     14   Next: 55%
Magic:  30/35      EV: 27    Int: 19    God:    Gozag
Gold:   2297       SH:  0    Dex: 27    Spells: 11/30 levels left

rFire   . . .        v - +7 staff of the Meek {protect, meekguard}
rCold   . . .        (shield currently unavailable)
rNeg    . . .        p - +0 leather armour of the Planets {Int+3 Dex+2 Stlth+}
rPois   .            r - +0 helmet {SInv}
rElec   .            D - +0 cloak
rCorr   .            F - +2 pair of gloves {Dex+3}
SInv    +            I - +1 pair of boots of the Vacuum {Str+6 Dex+6 SInv}
Will    +....        G - amulet of magic regeneration
Stlth   ++++++       M - +5 ring of evasion
HPRegen 0.39/turn    z - ring "Xaqirrux" {MP+9 Str+2}
MPRegen 0.64/turn

%: no passive effects
@: ice-armoured, under a protective aura
A: (nimble swimmer 2), mertail
a: Renounce Religion, Potion Petition, Call Merchant, Bribe Branch


You were on level 5 of the Lair of Beasts.
You worshipped Gozag.
Gozag was most pleased with you.
You visited 3 branches of the dungeon, and saw 18 of its levels.
You also visited: Bailey and Gauntlet.

You collected 4249 gold pieces.
You spent 1377 gold pieces at shops.
You paid 575 gold pieces to Gozag.

Inventory:

Hand Weapons
 o - the +3 whip of Visari {freeze, Will+ rCorr}
   (You found it on level 2 of the Dungeon)

   Will+:     It increases your willpower.
   rCorr:     It protects you from acid and corrosion.
 v - the +7 staff of the Meek (weapon) {protect, meekguard}
   (You found it on level 4 of the Dungeon)
 w - the +4 spear of Evil {heavy, rPois Str+4}
   (You found it on level 4 of the Dungeon)

   Str+4:     It affects your strength (+4).
   rPois:     It protects you from poison.
 S - a +2 dagger of holy wrath
Missiles
 n - 9 curare-tipped darts
 A - 10 throwing nets
Armour
 p - the +0 leather armour of the Planets (worn) {Int+3 Dex+2 Stlth+}
   (You took it off a goblin on level 2 of the Dungeon)

   Int+3:     It affects your intelligence (+3).
   Dex+2:     It affects your dexterity (+2).
   Stlth+:    It makes you more stealthy.
 r - a +0 helmet of see invisible (worn)
 D - a +0 cloak (worn)
 F - a +2 pair of gloves of dexterity (worn)
 I - the +1 pair of boots of the Vacuum (worn) {Str+6 Dex+6 SInv}
   (You acquired it on level 8 of the Dungeon)

   Str+6:     It affects your strength (+6).
   Dex+6:     It affects your dexterity (+6).
   SInv:      It lets you see invisible.
Magical Staves
 y - a staff of earth
 C - the staff "Wekha" {rF+ rN+ Necro}
   (You found it in a Gauntlet)

   [staff of death]

   Base accuracy: +5 Base damage: 5 Base attack delay: 1.2 This weapon's minimum
   attack delay (0.6) is reached at skill level 12.
   rF+:       It protects you from fire.
   rN+:       It protects you from negative energy.
   Necro:     It increases the power of your Necromancy spells.
   It falls into the 'Staves' category.
   It is a one-handed weapon.
Jewellery
 a - a ring of positive energy
 m - a +4 ring of protection
 s - a ring of flight
 z - the ring "Xaqirrux" (right hand) {MP+9 Str+2}
   (You found it on level 5 of the Dungeon)

   [ring of magical power]

   Str+2:     It affects your strength (+2).
   MP+9:      It affects your magic capacity (+9).
 G - an amulet of magic regeneration (around neck)
 M - a +5 ring of evasion (left hand)
 T - a ring of see invisible
 V - a ring of ice
 W - a ring of willpower
Wands
 h - a wand of polymorph (8)
 l - a wand of acid (5)
 q - a wand of flame (15)
 B - a wand of iceblast (30)
 Y - a wand of charming (8)
Scrolls
 d - 3 scrolls of teleportation {@r2}
 e - 5 scrolls of amnesia
 g - 2 scrolls of blinking
 i - 4 scrolls of revelation
 j - 4 scrolls of fear
 k - 2 scrolls of enchant armour
 x - a scroll of immolation
 P - a scroll of silence {unknown}
 Z - a scroll of butterflies
Potions
 b - 2 potions of magic
 c - a potion of haste
 f - 4 potions of curing {@q1}
 t - 3 potions of brilliance
 u - 3 potions of resistance
 E - a potion of lignification {unknown}
 J - 3 potions of might
 N - 3 potions of ambrosia
 O - a potion of cancellation {unknown}
 Q - 2 potions of berserk rage {unknown}
 U - 3 potions of mutation {unknown}


   Skills:
 + Level 11.7 Fighting
 + Level 11.0 Polearms
 - Level 12.0 Dodging
 + Level 9.3 Stealth
 - Level 1.3 Shields
 + Level 8.7 Spellcasting
 - Level 3.0 Conjurations
 + Level 13.5 Ice Magic
 - Level 3.0 Air Magic
 - Level 10.0 Alchemy
 + Level 3.2 Evocations


You had 11 spell levels left.
You knew the following spells:

 Your Spells              Type           Power      Damage    Failure   Level
a - Freeze                Ice            100%       1d10      1%          1
b - Frozen Ramparts       Ice            100%       1d16      1%          3
c - Ozocubu's Armour      Ice            56%        N/A       1%          3
d - Olgreb's Toxic Radia  Alch           46%        N/A       1%          4
e - Mephitic Cloud        Conj/Alch/Air  28%        N/A       3%          3
w - Freezing Cloud        Conj/Ice/Air   16%        6-21      19%         5

Your spell library contained the following spells:

 Spells                   Type           Power      Damage    Failure   Level
 Mercury Vapours          Alch/Air       66%        N/A       1%          2
 Summon Ice Beast         Ice/Summ       34%        N/A       1%          3
 Alistair's Intoxication  Alch           30%        N/A       4%          5
 Momentum Strike          Conj/Tloc      28%        3d8       9%          2
 Necrotise                Necr           32%        1d5       10%         1
 Sandblast                Erth           16%        2d6       10%         1
 Summon Small Mammal      Summ           32%        N/A       10%         1
 Sticky Flame             Fire/Alch      27%        2d7       13%         4
 Blink                    Tloc           16%        N/A       16%         2
 Lesser Beckoning         Tloc           16%        N/A       16%         2
 Stone Arrow              Conj/Erth      28%        3d8       16%         3
 Eringya's Noxious Bog    Alch           23%        4d6       26%         6
 Call Canine Familiar     Summ           8%         N/A       30%         3
 Inner Flame              Hex/Fire       8%         N/A       30%         3
 Maxwell's Portable Pile  Tloc           8%         2d(6-16)  30%         3
 Teleport Other           Tloc           8%         N/A       30%         3
 Vampiric Draining        Necr           8%         2d6       30%         3
 Ozocubu's Refrigeration  Ice            28%        4d13      32%         7
 Flame Wave               Conj/Fire      14%        2d6       47%         4
 Permafrost Eruption      Ice/Erth       17%        2x4d5     67%         6
 Animate Armour           Summ/Erth      16%        N/A       69%         4
 Martyr's Knell           Necr/Summ      8%         N/A       69%         4
 Summon Blazeheart Golem  Fire/Summ      8%         N/A       69%         4
 Borgnjor's Vile Clutch   Necr/Erth      4%         N/A       95%         5
 Curse of Agony           Necr           8%         N/A       95%         5
 Lee's Rapid Deconstruct  Erth           4%         3d5*      95%         5
 Summon Forest            Summ/Tloc      4%         N/A       95%         5
 Bombard                  Conj/Erth      7%         9d2       100%        6
 Malign Gateway           Summ/Tloc      4%         N/A       100%        7
 Summon Hydra             Summ           4%         N/A       100%        7
 Discord                  Hex            4%         N/A       100%        8
 Lehudib's Crystal Spear  Conj/Erth      7%         10d3      100%        8
 Summon Horrible Things   Summ           4%         N/A       100%        8
 Polar Vortex             Ice            28%        12d3*     100%        9


Dungeon Overview and Level Annotations

Branches:
Dungeon (12/15)            Temple (1/1) D:5            Lair (5/5) D:8
  Swamp (0/4) Lair:2        Snake (0/4) Lair:2        Slime (0/5) Lair:5
    Orc (0/2) D:9          Bailey (visited)         Gauntlet (visited)

Altars:
Ashenzari
Cheibriados
Dithmenos
Elyvilon
Fedhas
Gozag
Hepliaklqana
Kikubaaqudgha
Makhleb
Nemelex Xobeh
Okawaru
Qazlal
Ru
Sif Muna
Trog
Uskayaw
Wu Jian
Xom
Yredelemnul
Zin
The Shining One
Beogh
Jiyva

Shops:
D:1 *[   D:3 ?*   D:5 *(   D:8 *

Portals:
Abyss: D:12

Annotations:
D:9 1 runed translucent door
D:12 2 transporters, Gastronok, Kirke
Lair:5 exclusion: obsidian statue


Innate Abilities, Weirdness & Mutations

((You are very nimble when in or above water. (Stealth+, EV+, Speed+++)))
Your lower body shifts to a powerful aquatic tail in water.


Message History

The necromancer is moderately wounded.
The necromancer completely misses you. The dire elephant barely misses you.
The dire elephant closely misses you.
You barely miss the necromancer.
The necromancer is moderately wounded.
The necromancer hits you but does no damage.
The dire elephant tramples you but does no damage.
The dire elephant closely misses you.
You sock the necromancer!
The necromancer is heavily wounded.
The necromancer points at you and mumbles some strange words.
You struggle to resist.
The dire elephant tramples you!!
* * * LOW HITPOINT WARNING * * *
You hold your ground!
The dire elephant closely misses you. The necromancer completely misses you.
The dire elephant misses you.
The dire elephant trunk-slaps you but does no damage.
You feel better.
The necromancer mumbles some strange words.
The necromancer binds the souls of nearby monsters.
The dire elephant tramples you but does no damage.
The dire elephant completely misses you.
Casting: Ozocubu's Armour (safe; 1% risk of failure)
Confirm with . or Enter, or press ? or * to list all spells.
Aiming: Mephitic Cloud (mildly dangerous; 3% risk of failure)
Press: ? - help, Shift-Dir - straight line, f - necromancer
Aim: a necromancer, wielding a +0 dagger and wearing a +0 robe (heavily wounded, chance to affect: 53%)
Okay, then.
Casting: Mephitic Cloud (mildly dangerous; 3% risk of failure)
Confirm with . or Enter, or press ? or * to list all spells.
Aiming: Freezing Cloud (dangerous; 19% risk of failure)
Press: ? - help, Dir - move target, f - dire elephant
Aim: a dire elephant (severely wounded, soul bound)
You are engulfed in freezing vapours.
* * * LOW HITPOINT WARNING * * *
The necromancer is engulfed in freezing vapours.
The necromancer mumbles some strange words.
The necromancer binds the souls of nearby monsters.
The dire elephant tramples you!
You die...
Your body crumbles into a pile of gold.

###### ♣♣###.##.# ♣♣........##
♣..........### ...#..#..#...# .
####''#''######### ### ♣
#ß..#....ß##.~~##ß...ß# #
#...#.....§§p§≈~'...%)# #
#)#.####.ß#@Y§≈≈'...?[#
######'#....####§§§≈≈#ß...ß#
#ß.....####....#~~~~.######
#).....# ####.###~.###ßPß##
#ß.....##♣♣♣##P..#####ß.⌠.ß####
########♣...P###...............
#♣###♣♣.......♣########'''#######
..............................♣..
..##..#..........#...............


You could see a dire elephant (soul bound) and a necromancer.

Vanquished Creatures
  A dire elephant (Lair:5)
  A minotaur (Gauntlet)
  Josephine (Lair:3)
  Harold (Lair:2)
  Erica (D:8)
  A catoblepas (Lair:4)
  4 boulder beetles
  2 two-headed ogres
  4 death yaks
  Sonja (Lair:3)
  A spectral death yak (Lair:5)
  A skyshark (Lair:4)
  2 orc knights (Bailey)
  A necromancer (Lair:5)
  4 black mambas
  22 elephants
  A torpor snail (Lair:5)
  A smoke demon (Gauntlet)
  A gargoyle (D:10)
  An unseen horror (D:12)
  6 cane toads
  2 kobold demonologists
  A rime drake (Lair:2)
  6 komodo dragons
  A minotaur zombie (Gauntlet)
  A red devil (Gauntlet)
  4 trolls
  A hornet (D:7)
  4 polar bears
  A spectral elephant (Lair:5)
  16 blink frogs
  5 shadows
  A vampire (D:9)
  5 wraiths
  3 centaur simulacra (Gauntlet)
  3 spriggans (Lair:5)
  4 wyverns
  4 hogs (D:12)
  31 yaks
  A vampire mosquito (D:10)
  2 steam dragons
  A death yak simulacrum (Lair:5)
  A basilisk (Lair:3)
  2 nagas (Lair:2)
  2 spectral cane toads (Lair:5)
  4 acid dragons
  13 water moccasins
  Duvessa (D:7)
  17 orc warriors
  2 ice beasts
  2 black bears
  A sky beast (D:8)
  5 wolves (Lair:4)
  7 centaurs
  3 ogres
  2 phantoms
  3 kobold brigands
  4 gnoll sergeants
  12 bullfrogs
  A scorpion (D:5)
  A hornet simulacrum (Gauntlet)
  Dowan (D:7)
  21 killer bees
  An oklob sapling (D:5)
  4 howler monkeys
  3 crimson imps (Gauntlet)
  A jelly (D:5)
  5 orc priests
  2 bombardier beetles
  A human zombie (D:9)
  5 gnoll boudas
  8 hounds
  A sleepcap (D:6)
  An iguana (D:6)
  6 orc wizards
  9 adders
  36 gnolls
  An ufetubus (D:4)
  5 dart slugs
  A ribbon worm (D:2)
  32 orcs
  7 ball pythons
  9 endoplasms
  4 giant cockroaches
  12 goblins
  10 hobgoblins
  6 jackals (D:5)
  23 kobolds
  5 quokkas
  A bat (D:1)
  4 frilled lizards
  A jackal zombie (D:9)
  9 rats
473 creatures vanquished.

Notes
Turn   | Place    | Note
-------+----------+-------------------------------------------
     0 | D:1      | Autsider the Merfolk Ice Elementalist began the quest for
                  | the Orb.
     0 | D:1      | Reached XP level 1. HP: 13/13 MP: 3/3
   217 | D:1      | Reached XP level 2. HP: 20/20 MP: 3/5
   250 | D:1      | Reached skill level 1 in Fighting
   409 | D:1      | Found Gaisisiu's Assorted Antiques.
   505 | D:1      | Reached skill level 5 in Ice Magic
   620 | D:1      | Found Boreth's Armour Shoppe.
   773 | D:1      | Reached XP level 3. HP: 25/26 MP: 3/6
  1017 | D:1      | Bought a scroll labelled NUIRCH CENEYDGH for 24 gold pieces
  1017 | D:1      | Bought a scroll labelled NUIRCH CENEYDGH for 24 gold pieces
  1059 | D:2      | Learned a level 3 spell: Frozen Ramparts
  1295 | D:2      | Reached XP level 4. HP: 33/33 MP: 4/7
  1414 | D:2      | Identified the +0 leather armour of the Planets {Int+3
                  | Dex+2 Stlth+}
  1482 | D:2      | Identified the +3 short sword of Lyleom {pain, rF- rN+
                  | Will+}
  1742 | D:2      | Identified the +3 whip of Visari {freeze, Will+ rCorr}
  1908 | D:2      | Learned a level 3 spell: Ozocubu's Armour
  1921 | D:3      | Found Mypnasch's Magic Scroll Boutique.
  1932 | D:3      | Bought a scroll of identify for 20 gold pieces
  1932 | D:3      | Bought a scroll of identify for 20 gold pieces
  1932 | D:3      | Bought a scroll of identify for 20 gold pieces
  2088 | D:3      | Reached skill level 6 in Ice Magic
  2172 | D:3      | Found Jeez's Assorted Antiques.
  2186 | D:3      | Reached XP level 5. HP: 38/39 MP: 3/8
  2943 | D:4      | Noticed a black bear
  2982 | D:4      | Reached skill level 7 in Ice Magic
  2982 | D:4      | Reached XP level 6. HP: 36/47 MP: 3/9
  3285 | D:4      | Killed a black bear
  3541 | D:4      | Found a roughly hewn altar of Beogh.
  3541 | D:4      | Found the +7 staff of the Meek {protect, meekguard}
  3657 | D:4      | Reached XP level 7. HP: 50/53 MP: 9/11
  3762 | D:4      | Identified the +4 spear of Evil {heavy, rPois Str+4}
  4139 | D:5      | Entered Level 5 of the Dungeon
  4153 | D:5      | Found a shimmering altar of Xom.
  4154 | D:5      | Found an iron altar of Okawaru.
  4170 | D:5      | Reached skill level 1 in Polearms
  4209 | D:5      | Identified the ring "Xaqirrux" {MP+9 Str+2}
  4350 | D:5      | Reached skill level 5 in Dodging
  4352 | D:5      | Reached XP level 8. HP: 45/61 MP: 5/13
  4361 | D:5      | Reached skill level 5 in Fighting
  4599 | D:5      | Found a stormy altar of Qazlal.
  4634 | D:5      | Reached skill level 5 in Polearms
  4959 | D:5      | Found a glowing silver altar of Zin.
  4980 | D:5      | Found a staircase to the Ecumenical Temple.
  5110 | D:5      | Got the Spellbook of Grit
  5163 | D:5      | Found a blossoming altar of Fedhas.
  5258 | D:5      | Found a sacrificial altar of Ru.
  5371 | D:5      | Found Padaf's General Store.
  5403 | D:5      | Bought a potion of heal wounds for 55 gold pieces
  5403 | D:5      | Bought a scroll of identify for 22 gold pieces
  5445 | D:5      | Found Esawn's Weapon Emporium.
  5654 | Temple   | Entered the Ecumenical Temple
  5836 | Temple   | Became a worshipper of Gozag Ym Sagoz the Greedy
  6000 | D:6      | Found a snail-covered altar of Cheibriados.
  6038 | D:6      | Noticed a yak
  6040 | D:6      | Noticed a yak
  6046 | D:6      | Noticed a yak
  6048 | D:6      | Killed a yak
  6048 | D:6      | Noticed a yak
  6049 | D:6      | Reached skill level 8 in Ice Magic
  6049 | D:6      | Reached XP level 9. HP: 54/68 MP: 14/15
  6170 | D:6      | Reached skill level 9 in Ice Magic
  6275 | D:6      | Found a glowing golden altar of the Shining One.
  6282 | D:6      | Identified the +1 hand axe of Impatience {heavy, rF+ rN+}
  6706 | D:7      | Identified 2 scrolls of acquirement
  6706 | D:7      | Acquired a book of Vapours
  6714 | D:7      | Learned a level 5 spell: Freezing Cloud
  6747 | D:7      | Found a sparkling altar of Nemelex Xobeh.
  7014 | D:7      | Found a shimmering blue altar of Sif Muna.
  7034 | D:7      | Noticed a hornet
  7035 | D:7      | Reached skill level 1 in Conjurations
  7035 | D:7      | Reached skill level 1 in Air Magic
  7039 | D:7      | Noticed Duvessa
  7043 | D:7      | Killed a hornet
  7043 | D:7      | Noticed Dowan
  7047 | D:7      | Killed Duvessa
  7058 | D:7      | Killed Dowan
  7189 | D:7      | Reached XP level 10. HP: 58/76 MP: 16/16
  7779 | D:8      | Reached skill level 10 in Polearms
  7779 | D:8      | Reached skill level 5 in Spellcasting
  8215 | D:8      | Acquired the +1 pair of boots of the Vacuum {Str+6 Dex+6
                  | SInv}
  8530 | D:8      | Found a staircase to the Lair.
  8534 | D:8      | Found an ancient bone altar of Kikubaaqudgha.
  8782 | D:8      | Noticed Erica
  8789 | D:8      | Killed Erica
  8790 | D:8      | Reached skill level 1 in Shields
  9304 | D:9      | Reached skill level 10 in Ice Magic
  9467 | D:9      | Found a flagged portal.
  9494 | Bailey   | Entered a bailey
  9520 | Bailey   | Reached skill level 5 in Stealth
  9658 | Bailey   | Reached XP level 11. HP: 71/84 MP: 11/18
  9987 | Bailey   | Acquired the +2 buckler of Pathos {^Drain rF+ Str+3 Int+3}
  9989 | Bailey   | Found a roughly hewn altar of Beogh.
  9989 | Bailey   | Noticed an orc knight
  9989 | Bailey   | Noticed an orc knight
 10002 | Bailey   | Killed an orc knight
 10021 | Bailey   | Killed an orc knight
 10037 | Bailey   | Got the Folio of the Lithosphere and the Winter
 10162 | D:9      | Reached skill level 1 in Alchemy
 10245 | D:9      | Found a white marble altar of Elyvilon.
 10321 | D:9      | Found a runed translucent door.
 10323 | D:9      | Found a basalt altar of Yredelemnul.
 10482 | D:9      | Found a staircase to the Orcish Mines.
 10758 | D:10     | Entered Level 10 of the Dungeon
 11107 | D:10     | Reached skill level 11 in Ice Magic
 11372 | D:10     | Noticed a two-headed ogre
 11382 | D:10     | Killed a two-headed ogre
 11833 | D:11     | Noticed a boulder beetle
 11900 | D:11     | Killed a boulder beetle
 11901 | D:11     | Reached XP level 12. HP: 44/94 MP: 10/20
 12232 | D:11     | Noticed a two-headed ogre
 12239 | D:11     | Killed a two-headed ogre
 12247 | D:11     | Learned a level 4 spell: Olgreb's Toxic Radiance
 12664 | D:11     | Noticed a boulder beetle
 12762 | D:11     | Killed a boulder beetle
 12763 | D:11     | Reached skill level 5 in Alchemy
 13223 | D:12     | Found a transporter.
 13224 | D:12     | Noticed a sun demon
 13233 | D:12     | Found a transporter.
 13263 | D:12     | Found a one-way gate to the infinite horrors of the Abyss.
 13312 | D:12     | Noticed Kirke
 13333 | D:12     | Noticed Gastronok
 13493 | D:12     | Noticed a sphinx
 13797 | D:8      | Bought a green potion for 27 gold pieces
 13797 | D:8      | Bought a scroll of teleportation for 93 gold pieces
 13797 | D:8      | Bought a bubbling golden potion for 27 gold pieces
 13797 | D:8      | Bought a gold wand for 124 gold pieces
 13802 | Lair:1   | Entered Level 1 of the Lair of Beasts
 13832 | Lair:1   | Found a gate leading to a gauntlet.
 13888 | Gauntlet | Entered a Gauntlet
 13888 | Gauntlet | Found a transporter.
 13888 | Gauntlet | Found a transporter.
 13888 | Gauntlet | Found a transporter.
 13908 | Gauntlet | Found a transporter.
 13909 | Gauntlet | Found a transporter.
 13912 | Gauntlet | Found a transporter.
 13919 | Gauntlet | Found a transporter.
 13920 | Gauntlet | Found a transporter.
 13921 | Gauntlet | Found a transporter.
 13924 | Gauntlet | Found a transporter.
 13931 | Gauntlet | Found a transporter.
 13931 | Gauntlet | Found a transporter.
 14512 | Gauntlet | Identified the staff "Wekha" {rF+ rN+ Necro}
 14620 | Gauntlet | Learned a level 3 spell: Mephitic Cloud
 14644 | Gauntlet | Identified the +4 war axe "Guhow" {freeze, Int+4}
 14644 | Gauntlet | Noticed a minotaur
 14685 | Gauntlet | Killed a minotaur
 15091 | Lair:1   | Reached skill level 10 in Dodging
 15190 | Lair:1   | Reached skill level 12 in Ice Magic
 15971 | Lair:2   | Noticed Harold
 15985 | Lair:2   | Killed Harold
 15986 | Lair:2   | Reached XP level 13. HP: 103/103 MP: 23/23
 16085 | Lair:2   | Reached skill level 10 in Fighting
 16163 | Lair:2   | Noticed an eleionoma
 16406 | Lair:2   | Found a staircase to the Snake Pit.
 16470 | Lair:2   | Found a staircase to the Swamp.
 17342 | Lair:3   | Noticed Sonja
 17350 | Lair:3   | Killed Sonja
 17969 | Lair:3   | Noticed Josephine
 18018 | Lair:3   | Killed Josephine
 18019 | Lair:3   | Reached skill level 13 in Ice Magic
 18507 | D:3      | Bought 2 scrolls of revelation for 495 gold pieces
 18507 | D:3      | Bought a scroll of identify for 66 gold pieces
 18507 | D:3      | Bought a dented jasper amulet for 165 gold pieces
 18568 | D:3      | Bought a scroll of revelation for 75 gold pieces
 18568 | D:3      | Bought 3 scrolls of fear for 120 gold pieces
 19044 | Lair:4   | Reached skill level 1 in Evocations
 19059 | Lair:4   | Reached XP level 14. HP: 74/113 MP: 26/26
 20025 | Lair:5   | Entered Level 5 of the Lair of Beasts
 20338 | Lair:5   | Found a staircase to the Slime Pits.
 20339 | Lair:5   | Found a viscous altar of Jiyva.
 20395 | Lair:5   | Reached skill level 10 in Alchemy
 20559 | Lair:5   | Noticed a dire elephant
 20560 | Lair:5   | Noticed a dire elephant
 21204 | Lair:5   | Killed a dire elephant
 21388 | Lair:5   | HP: 2/114 [cloud of freezing vapour (23)]
 21388 | Lair:5   | Mangled by a dire elephant

Illustrated notes

Levels and vault maps discovered:
D:1:      mrwooster_arrival_statue_3, layout_loops_ring, serial_shops,
          nicolae_shop_advertising_works [nicolae_subvault_shop_adworks],
          nicolae_shop_behind_doors
D:2:      layout_basic, nicolae_concentric_dashed_squares_mild,
          wander_ebering_terrifying_dragon_lair
D:3:      layout_basic, serial_shops, shop, nicolae_shop_stone,
          serial_bayou_pond_c
D:4:      layout_cave_pods, serial_bayou_pond_b, minmay_stone_trees_small,
          chequers_serial_rivers_micro_b, pf_guarded_unrand_meek
D:5:      layout_cave_pools, nicolae_overflow_hidden_temple,
          mainiacjoe_overflow_paths, mainiacjoe_overflow_small_starburst,
          mainiacjoe_overflow_alcove_2, minmay_temple_entry_oklob, serial_shops,
          kennysheep_mini, serial_gnoll_camp, gnoll_camp_mini_loothouse,
          gnoll_camp_mini_basic, gnoll_camp_huts_basic, gnoll_camp_medium_01,
          gnoll_camp_mini_shop
D:6:      layout_loops_ring, mainiacjoe_overflow_chevrons,
          nicolae_tso_carved_into_rock, ebering_dispersal_statue_hall
D:7:      layout_cave_pools, nemelex_xobeh_ov_fountains_minmay,
          nicolae_overflow_crystal_walls, hex_medium, roderic_st_hans_cross,
          nicolae_concentric_dashed_squares_wild, uniq_duvessa
D:8:      layout_gridville, mainiacjoe_overflow_boulevard,
          due_lair_maze_entry_diamond, uniq_erica
D:9:      layout_rooms, nicolae_elyvilon_temple_path, dk_yredelemnul_ordeal,
          orc_0_dummy, enter_bailey_5, grunt_ministairs_6
D:10:     kennysheep_ambush_hall, layout_loops_ring, st_stairs_9
D:11:     layout_gridville
D:12:     layout_small_grid, gammafunk_ghost_abyssal_escape, uniq_gastronok,
          uniq_kirke
Temple:   hellmonk_temple_of_storms
Lair:1:   layout_small_grid, gauntlet_entry_generic, grunt_megastairs_3
Lair:2:   layout_cave_pods, alex1729_swamp_entry_worm_eleionoma,
          guppyfry_snake_entry_island, chequers_serial_rivers_micro_c,
          serial_bayou_shore_b, infiniplex_staircase_pool, uniq_harold
Lair:3:   layout_cave_pods, uniq_sonja, uniq_josephine
Lair:4:   layout_gridlike
Lair:5:   due_jungle_book, layout_long_grid, slime_entry_1, st_stairs_12,
          wad_woods_02

Skill      XL: |  1  2  3  4  5  6  7  8  9 10 11 12 13 14 |
---------------+-------------------------------------------+-----
Fighting       | 1 2 3 4 5 7 8 9 11 | 11.7
Ice Magic      | 5 6 7 8 9 10 11 12 13 | 13.5
Dodging        | 4 5 6 8 10 12 | 12.0
Polearms       | 3 7 9 10 11 | 11.0
Spellcasting   | 3 4 5 6 8 |  8.7
Stealth        | 4 5 7 8 9 |  9.3
Conjurations   | 1 3 |  3.0
Air Magic      | 1 3 |  3.0
Shields        | 1 |  1.3
Alchemy        | 4 7 9 10 | 10.0
Evocations     | 1 3 |  3.2

Action                     |  1- 3 |  4- 6 |  7- 9 | 10-12 | 13-15 || total
---------------------------+-------+-------+-------+-------+-------++-------
  Melee: Unarmed           |     1 |       |       |    48 |       ||    49
         Whip              |       |    91 |       |       |       ||    91
         Spear             |       |    10 |       |       |       ||    10
         Quarterstaff      |       |     5 |   177 |   561 |   517 ||  1260
         Tailslap          |       |       |       |     8 |     9 ||    17
   Cast: Freeze            |    46 |    19 |     5 |    11 |     2 ||    83
         Frozen Ramparts   |       |    13 |    29 |    61 |    34 ||   137
         Ozocubu's Armour  |       |       |    14 |    63 |    42 ||   119
         Mephitic Cloud    |       |       |       |     5 |       ||     5
         Olgreb's Toxic Ra |       |       |       |     3 |    17 ||    20
         Freezing Cloud    |       |       |       |       |     1 ||     1
 Invoke: Call Merchant     |       |       |       |     1 |       ||     1
  Evoke: Wand              |       |       |       |     1 |       ||     1
    Use: Scroll            |     3 |     3 |     3 |    20 |     3 ||    32
         Potion            |       |       |       |     3 |     2 ||     5
   Stab: Sleeping          |       |     5 |     5 |     8 |     4 ||    22
         Distracted        |       |     1 |       |     6 |     5 ||    12
         Confused          |       |       |       |     6 |       ||     6
 Armour: Robe              |    12 |     8 |       |       |       ||    20
         Leather armour    |       |    73 |   121 |   303 |   288 ||   785
         Skin              |       |       |       |    29 |       ||    29
  Dodge: Dodged            |    11 |    74 |   133 |   697 |   834 ||  1749

Table legend: (Time is in decaauts)
 A = Elapsed time spent in this place.
 B = Non-inter-level travel time spent in this place.
 C = Inter-level travel time spent in this place.
 D = Time resting spent in this place.
 E = Time spent auto-exploring this place.
 F = Levels seen in this place.
 G = Mean time per level.
                   A        B        C        D        E       F      G
               +--------+--------+--------+--------+--------+-----+--------+
         Total |  21509 |  20129 |   1380 |   2739 |  12355 |  20 | 1075.4 |
       Dungeon |  13552 |  12625 |    927 |    967 |   8989 |  12 | 1129.3 |
        Temple |     94 |     33 |     61 |      0 |      0 |   1 |   94.0 |
          Lair |   6199 |   5807 |    392 |   1156 |   3093 |   5 | 1239.8 |
        Bailey |    521 |    521 |      0 |    186 |      8 |   1 |  521.0 |
      Gauntlet |   1141 |   1141 |      0 |    430 |    265 |   1 | 1141.0 |
               +--------+--------+--------+--------+--------+-----+--------+

Top non-repeatable levels by time:
     D:8: 1790 daAuts
     D:5: 1657 daAuts
     D:4: 1577 daAuts
    D:11: 1537 daAuts
  Lair:5: 1383 daAuts
  Lair:4: 1317 daAuts
  Lair:3: 1307 daAuts
  Lair:2: 1254 daAuts
Gauntlet: 1141 daAuts
    D:10: 1045 daAuts
     D:1: 1041 daAuts
     D:7: 989 daAuts
  Lair:1: 937 daAuts
     D:9: 914 daAuts
     D:6: 882 daAuts
